 Dungeon Crawl Stone Soup version 0.31-a0-1626-g5cb510d322 (webtiles) character file.

Game seed: 13551838458607318127

2410 ragingrage the Destroyer (level 9, -3/73 HPs)
             Began as an Armataur Conjurer on Jan 13, 2024.
             Was a Believer of Sif Muna.
             Slain by an orc warrior
             ... wielding a +0 flail
              (4 damage)
             ... on level 7 of the Dungeon.
             The game lasted 00:08:46 (6305 turns).

ragingrage the Destroyer (Armataur Conjurer)        Turns: 6305, Time: 00:08:47

Health: -3/73      AC: 10    Str: 13    XL:     9   Next: 23%
Magic:  3/12       EV:  7    Int: 23    God:    Sif Muna [**....]
Gold:   311        SH:  0    Dex:  8    Spells: 2/12 levels left

rFire   . . .        a - +0 whip (venom)
rCold   . . .        (no shield)
rNeg    . . .        B - +0 robe
rPois   .            (no helmet)
rElec   .            H - +1 cloak
rCorr   .            (no gloves)
SInv    .            s - +0 barding
Will    .....        A - amulet of faith
Stlth   ++           m - ring of wizardry
HPRegen 0.32/turn    (no ring)
MPRegen 0.13/turn

%: roll, faith, wizardry (x1)
@: no status effects
A: large, deformed body, tough skin 3, armoured tail, roll 2
a: Renounce Religion, Channel Magic


You were on level 7 of the Dungeon.
You worshipped Sif Muna.
Sif Muna was pleased with you.
You visited 1 branch of the dungeon, and saw 7 of its levels.

You collected 311 gold pieces.

Inventory:

Hand Weapons
 a - a +0 whip of venom (weapon)
 b - the +4 short sword "Bocoen" {freeze, rPois}
   (You took it off a hobgoblin on level 2 of the Dungeon)

   rPois:     It protects you from poison
Missiles
 y - 3 throwing nets
Armour
 s - a +0 barding (worn)
 B - a +0 robe (worn)
 F - a +1 scale mail of poison resistance
 H - a +1 cloak (worn)
Magical Staves
 C - the staff of the Lair of Beasts {*Slow rElec rPois rC+ Ice}
   (You found it on level 5 of the Dungeon)

   [staff of cold]

   Base accuracy: +5 Base damage: 5 Base attack delay: 1.2 This weapon's minimum
   attack delay (0.6) is reached at skill level 12.
   rC+:       It protects you from cold.
   rElec:     It insulates you from electricity.
   rPois:     It protects you from poison *Slow: It may slow you when you take
   damage.
   Ice:       It increases the power of your Ice spells.
   It falls into the 'Staves' category.
   It is a one-handed weapon.
Jewellery
 m - a ring of wizardry (left hand)
 A - an amulet of faith (around neck)
 E - an amulet of guardian spirit
Wands
 n - a wand of iceblast (10)
 r - a wand of polymorph (9)
 z - a wand of flame (25)
Scrolls
 c - a scroll of amnesia {unknown}
 d - a scroll of enchant armour {unknown}
 e - 3 scrolls of teleportation
 h - 8 scrolls of identify {unknown}
 i - a scroll of fog {unknown}
 l - 2 scrolls of brand weapon {unknown}
 o - 2 scrolls of noise {unknown}
 q - a scroll of revelation {unknown}
 t - a scroll of poison {unknown}
 x - a scroll of fear {unknown}
 D - a scroll of vulnerability {unknown}
 G - a scroll of acquirement {unknown}
Potions
 f - 4 potions of enlightenment
 j - 4 potions of magic
 p - 2 potions of mutation {unknown}
 u - a potion of degeneration {unknown}
 v - 3 potions of curing {unknown}
 w - 3 potions of might {unknown}


   Skills:
 + Level 4.9 Fighting
 + Level 2.5 Armour
 - Level 1.5 Dodging
 - Level 2.3 Stealth
 - Level 2.0 Spellcasting
 + Level 8.4 Conjurations
 + Level 5.0 Translocations
 - Level 4.0 Air Magic


You had 2 spell levels left.
You knew the following spells:

 Your Spells              Type           Power      Damage    Failure   Level
a - Magic Dart            Conj           100%       1d8       1%          1
b - Searing Ray           Conj           80%        2d7       1%          2
c - Iskenderun's Mystic   Conj/Tloc      33%        2d8       3%          4
d - Swiftness             Air            20%        N/A       3%          3

Your spell library contained the following spells:

 Spells                   Type           Power      Damage    Failure   Level
 Static Discharge         Conj/Air       60%        3-6/arc   1%          2
 Call Imp                 Summ           4%         N/A       8%          2
 Ensorcelled Hibernation  Hex/Ice        4%         N/A       8%          2
 Sublimation of Blood     Necr           2%         N/A       8%          2
 Fulminant Prism          Conj/Alch      10%        3d8       9%          4
 Airstrike                Air            10%        2d(2-18)  10%         4
 Passwall                 Erth           2%         N/A       16%         3
 Summon Lightning Spire   Summ/Air       11%        N/A       22%         4
 Haunt                    Necr/Summ      1%         N/A       100%        7
 Summon Hydra             Summ           1%         N/A       100%        7
 Borgnjor's Revivificati  Necr           1%         N/A       100%        8
 Death's Door             Necr           1%         N/A       100%        9


Dungeon Overview and Level Annotations

Branches:
Dungeon (7/15)             Temple (0/1) D:5

Altars:
Fedhas
Ru
Sif Muna
Uskayaw
Yredelemnul
Zin

Shops:
D:7 [


Innate Abilities, Weirdness & Mutations

Armour fits poorly on your strangely shaped body.
You have extremely tough skin. (AC +3)
You have a long armoured tail.
You regenerate magic and health when rolling toward enemies. (Rampage Regen)


Message History

The orc warrior barely misses you.
The +4 short sword "Bocoen" {freeze, rPois} stops glowing.
Your +0 whip of venom begins to drip with poison!
a - a +0 whip of venom (weapon)
You closely miss the orc warrior.
The orc warrior hits you with a +0 flail.
You barely miss the orc warrior.
You tail-slap the orc warrior, but do no damage.
The orc warrior hits you with a +0 flail!
The orc warrior hits you with a +0 flail.
* * * LOW HITPOINT WARNING * * *
You closely miss the orc warrior.
The orc warrior hits you with a +0 flail!
* * * LOW HITPOINT WARNING * * *
It was a potion of enlightenment.
You feel very buoyant.
You fly up into the air.
The orc warrior hits you with a +0 flail!
* * * LOW HITPOINT WARNING * * *
It was a potion of lignification.
You turn into a tree.
Your +1 cloak melds into your body.
Your +0 barding melds into your body.
Your +0 robe melds into your body.
Your roots penetrate the ground.
The orc warrior hits you with a +0 flail.
* * * LOW HITPOINT WARNING * * *
Okay, then.
As you read the scroll labelled OMMUFF DAHIN, it crumbles to dust.
You feel a strange sense of stasis.
It was a scroll of teleportation.
The orc warrior hits you with a +0 flail.
* * * LOW HITPOINT WARNING * * *
Unknown command.
Okay, then.
It was a potion of cancellation.
Your magical effects are unravelling.
You feel magically purged.
You feel less wooden.
Your +1 cloak unmelds from your body.
Your +0 barding unmelds from your body.
Your +0 robe unmelds from your body.
Your enlightenment fades.
The orc warrior hits you with a +0 flail.
You die...

.#. #...# . .#
#...# #. .#
#...# #...#
########.###
.......#.#
#.## ##...#
#^...####...##
#)o@.#..##
####.>..#
######


You could see an orc warrior.

Vanquished Creatures
  An orc warrior (D:7)
  2 sky beasts (D:7)
  A black bear (D:4)
  2 ice beasts
  2 bullfrogs (D:6)
  3 scorpions
  5 wights (D:7)
  4 killer bees (D:7)
  An electric eel (D:6)
  2 howler monkeys (D:6)
  3 hounds
  2 bombardier beetles
  A jelly (D:5)
  2 orc priests
  3 gnoll boudas
  4 iguanas
  5 orc wizards
  26 gnolls
  4 adders
  A shadow imp (D:6)
  2 white imps
  2 ufetubi (D:6)
  A dart slug (D:2)
  4 ribbon worms
  24 orcs
  6 ball pythons
  6 endoplasms
  5 giant cockroaches
  9 goblins
  6 hobgoblins
  2 jackals (D:4)
  5 quokkas
  7 bats
  2 frilled lizards
  2 kobolds
  6 rats
163 creatures vanquished.

Notes
Turn   | Place    | Note
-------+----------+-------------------------------------------
     0 | D:1      | ragingrage the Armataur Conjurer began the quest for the
                  | Orb.
     0 | D:1      | Reached XP level 1. HP: 14/14 MP: 3/3
   242 | D:1      | Reached XP level 2. HP: 20/20 MP: 2/4
   245 | D:1      | Learned a level 2 spell: Searing Ray
   545 | D:2      | Reached skill level 4 in Conjurations
   798 | D:2      | Reached skill level 1 in Fighting
   798 | D:2      | Reached XP level 3. HP: 21/28 MP: 2/6
   903 | D:2      | Identified the +4 short sword "Bocoen" {freeze, rPois}
  1528 | D:3      | Noticed a +0 hand axe
  1528 | D:3      | Noticed a +0 dagger
  1565 | D:3      | Reached XP level 4. HP: 25/35 MP: 7/7
  1699 | D:3      | Learned a level 4 spell: Iskenderun's Mystic Blast
  1916 | D:3      | Found a hide-covered altar of Uskayaw.
  2219 | D:3      | Found a blossoming altar of Fedhas.
  2220 | D:3      | Found a glowing silver altar of Zin.
  2223 | D:3      | Found a basalt altar of Yredelemnul.
  2606 | D:4      | Noticed a scorpion
  2610 | D:4      | Killed a scorpion
  2611 | D:4      | Reached skill level 5 in Conjurations
  2611 | D:4      | Reached skill level 1 in Translocations
  2611 | D:4      | Reached XP level 5. HP: 41/41 MP: 3/8
  2975 | D:4      | Reached XP level 6. HP: 48/48 MP: 3/9
  3214 | D:4      | Reached skill level 6 in Conjurations
  3625 | D:5      | Entered Level 5 of the Dungeon
  3949 | D:4      | Found a shimmering blue altar of Sif Muna.
  3957 | D:4      | Became a worshipper of Sif Muna the Loreminder
  3994 | D:5      | Gained mutation: You regenerate magic and health when
                  | rolling toward enemies. (Rampage Regen) [Armataur growth]
  3994 | D:5      | Reached XP level 7. HP: 55/55 MP: 0/10
  4358 | D:5      | Identified the staff of the Lair of Beasts {*Slow rElec
                  | rPois rC+ Ice}
  4456 | D:5      | Reached skill level 7 in Conjurations
  4623 | D:5      | Learned a level 3 spell: Swiftness
  4717 | D:5      | Found a staircase to the Ecumenical Temple.
  4918 | D:6      | Reached skill level 1 in Air Magic
  5019 | D:6      | Found a sacrificial altar of Ru.
  5026 | D:6      | Reached * piety under Sif Muna
  5209 | D:6      | Reached skill level 5 in Translocations
  5209 | D:6      | Reached XP level 8. HP: 61/61 MP: 5/11
  5762 | D:7      | Found Rajupy's Antique Armour Boutique.
  5958 | D:7      | Reached ** piety under Sif Muna
  5962 | D:7      | Reached skill level 8 in Conjurations
  6022 | D:7      | Reached XP level 9. HP: 69/72 MP: 5/12
  6030 | D:7      | Reached skill level 1 in Armour
  6136 | D:7      | Found a sacrificial altar of Ru.
  6136 | D:7      | Noticed a manticore
  6302 | D:7      | HP: 3/73 [orc warrior/+0 flail (9)]
  6305 | D:7      | Slain by an orc warrior

Illustrated notes

Levels and vault maps discovered:
D:1:      eino_arrival_tree_alley, layout_rooms
D:2:      layout_basic
D:3:      layout_rooms, dancing_weapons_uskayaw, minitemple
D:4:      wad_woods_settlement, layout_loops_cross,
          nicolae_sif_muna_little_library, serial_bayou_lake_a
D:5:      layout_rooms, lemuel_temple_firewalk_b, minmay_misc_feat_ornament
D:6:      layout_rooms, nicolae_ru_great_annihilating_truth,
          kennysheep_generic_room_6
D:7:      lemuel_ice_spiral_2, layout_basic, serial_shops,
          nicolae_take_the_stairs, shop, shop, minmay_ruined_shrine

Skill      XL: |  1  2  3  4  5  6  7  8  9 |
---------------+----------------------------+-----
Spellcasting   | 2 |  2.0
Conjurations   | 4 5 6 7 8 |  8.4
Fighting       | 1 2 4 |  4.9
Translocations | 1 2 3 5 |  5.0
Air Magic      | 2 4 |  4.0
Armour         | 2 |  2.5
Dodging        | |  1.5
Stealth        | |  2.3

Action                     |  1- 3 |  4- 6 |  7- 9 || total
---------------------------+-------+-------+-------++-------
  Melee: Hand axe          |    12 |       |       ||    12
         Tailslap          |     5 |     3 |    16 ||    24
         Unarmed           |     1 |       |       ||     1
         Short sword       |    23 |    35 |    65 ||   123
         Whip              |       |       |    20 ||    20
         Punch             |       |       |     2 ||     2
   Cast: Magic Dart        |    55 |    45 |    18 ||   118
         Searing Ray       |     1 |    19 |     7 ||    27
         Iskenderun's Myst |       |     2 |    53 ||    55
  Evoke: Wand              |       |       |     1 ||     1
    Use: Potion            |       |       |     3 ||     3
         Scroll            |       |       |     1 ||     1
   Stab: Sleeping          |     1 |     1 |       ||     2
         Paralysed         |       |       |     1 ||     1
 Armour: Robe              |    40 |    50 |   127 ||   217
         Skin              |       |       |     2 ||     2
  Dodge: Dodged            |    30 |    14 |    68 ||   112

Table legend: (Time is in decaauts)
 A = Elapsed time spent in this place.
 B = Non-inter-level travel time spent in this place.
 C = Inter-level travel time spent in this place.
 D = Time resting spent in this place.
 E = Time spent auto-exploring this place.
 F = Levels seen in this place.
 G = Mean time per level.
                   A        B        C        D        E       F      G
               +--------+--------+--------+--------+--------+-----+--------+
         Total |   6305 |   6111 |    194 |   1858 |   3271 |   7 |  900.7 |
       Dungeon |   6305 |   6111 |    194 |   1858 |   3271 |   7 |  900.7 |
               +--------+--------+--------+--------+--------+-----+--------+

Top non-repeatable levels by time:
     D:4: 1672 daAuts
     D:2: 1048 daAuts
     D:6: 949 daAuts
     D:3: 857 daAuts
     D:5: 744 daAuts
     D:7: 551 daAuts
     D:1: 482 daAuts
